 Dungeon Crawl Stone Soup version 0.31-a0-4-gefa6de2278 (webtiles) character file.

Game seed: 7971595880063971241

282 BlueFish the Sneak (level 6, -1/43 HPs)
             Began as an Octopode Fighter on May 4, 2023.
             Slain by a gnoll
             ... wielding a +0 halberd
             ... led by a gnoll bouda
              (9 damage)
             ... on level 4 of the Dungeon.
             The game lasted 00:04:22 (2472 turns).

BlueFish the Sneak (Octopode Fighter)               Turns: 2472, Time: 00:04:23

Health: -1/43      AC:  1    Str: 18    XL:     6   Next: 28%
Magic:  6/6        EV: 13    Int: 10    God:
Gold:   203        SH:  4    Dex: 11    Spells: 5/5 levels left

rFire   . . .        a - +5 spear of the Gnat {flame, rN+}
rCold   . . .        s - +0 buckler
rNeg    + . .        (helmet restricted)
rPois   .            (no amulet)
rElec   .            (no ring)
rCorr   .            (no ring)
SInv    .            (no ring)
Will    .....        (no ring)
Stlth   +++          (no ring)
HPRegen 0.27/turn    (no ring)
MPRegen 0.10/turn    (no ring)
                     (no ring)

%: no passive effects
@: no status effects
A: almost no armour, amphibious, 8 rings, camouflage 1, gelatinous body 1,
(nimble swimmer 1), tentacles
a: no special abilities


You were on level 4 of the Dungeon.
You visited 1 branch of the dungeon, and saw 4 of its levels.

You collected 203 gold pieces.

Inventory:

Hand Weapons
 a - the +5 spear of the Gnat (weapon) {flame, rN+}
   (You found it on level 2 of the Dungeon)

   rN:        It protects you from negative energy.
 b - a +0 sling
 m - a +0 rapier
Missiles
 f - 2 throwing nets
 n - 24 stones (quivered)
Armour
 s - a +0 buckler (worn)
Scrolls
 g - 2 scrolls of enchant weapon {unknown}
 h - 3 scrolls of magic mapping
 k - a scroll of torment {unknown}
 p - 2 scrolls of teleportation {unknown}
 q - a scroll of identify {unknown}
 r - a scroll of noise {unknown}
 t - 2 scrolls of enchant armour {unknown}
 v - a scroll of immolation {unknown}
Potions
 c - 2 potions of might
 d - a potion of invisibility {unknown}
 e - a potion of heal wounds {unknown}
 i - 2 potions of lignification {unknown}
 j - 2 potions of curing {unknown}
 l - a potion of degeneration {unknown}
 o - a potion of haste {unknown}
 u - a potion of magic {unknown}


   Skills:
 + Level 3.8 Fighting
 - Level 2.3 Short Blades
 + Level 1.8 Polearms
 + Level 1.5 Throwing
 + Level 3.7 Dodging
 * Level 4.4 Stealth
 + Level 3.7 Shields


You had 5 spell levels left.
You didn't know any spells.
Your spell library contained the following spells:

 Spells                   Type           Power      Damage    Failure   Level
 Inner Flame              Hex/Fire       0%         N/A       82%         3
 Yara's Violent Unravell  Hex/Tmut       0%         3d3       100%        5
 Enfeeble                 Hex            0%         N/A       100%        7


Dungeon Overview and Level Annotations

Branches:
Dungeon (4/15)
 Temple: D:4-7

Altars:
Zin

Annotations:
D:3 2 transporters, Atlus's ghost, amateur GnBe


Innate Abilities, Weirdness & Mutations

You cannot wear most types of armour.
You are amphibious.
You can wear up to eight rings at the same time.
Your skin changes colour to match your surroundings (Stealth+).
Your rubbery body absorbs attacks. (AC +1, EV +1)
((You are camouflaged when in or above water. (Stealth+)))
You have tentacles for arms and can constrict up to eight enemies at once.


Message History

You hit the gnoll bouda but do no damage.
You grab the gnoll bouda.
The gnoll bouda is severely wounded.
You constrict the gnoll bouda. The gnoll closely misses you.
The gnoll bouda gazes fiercely through you!
You feel your attacks grow feeble. You block the gnoll bouda's attack.
The gnoll bouda barks out a call to the hunt!
The gnolls pick up the pace!
You hit the gnoll bouda. You burn the gnoll bouda.
You squeeze the gnoll bouda, but do no damage.
The gnoll bouda is almost dead.
You constrict the gnoll bouda.
You kill the gnoll bouda!
You block the gnoll's attack.
The gnoll bouda barks out a call to the hunt!
The gnoll picks up the pace!
The gnoll misses you.
Your attacks no longer feel as feeble.
The gnoll bouda gazes fiercely through you!
You feel your attacks grow feeble. The gnoll hits you with a +0 club.
The gnoll misses you. The gnoll attacks as you move away!
The gnoll hits you with a +0 club. The gnoll barely misses you.
The gnoll hits you with a +0 club!
* * * LOW HITPOINT WARNING * * *
The gnoll attacks as you move away! The gnoll hits you with a +0 club.
* * * LOW HITPOINT WARNING * * *
Okay, then.
Okay, then.
You barely miss the gnoll. Your grab misses the gnoll.
Your attacks no longer feel as feeble.
The gnoll barely misses you.
You puncture the gnoll! You burn the gnoll. You grab the gnoll.
The gnoll is severely wounded.
You constrict the gnoll.
The gnoll struggles to escape constriction.
You hit the gnoll. You burn the gnoll.
You kill the gnoll!
The gnoll hits you from afar with a +0 halberd!
You die...

###...### #.......# .##.....#
........#### #### ...........###
##..####
.............######...#..#
.............)#..#.......##
.............#....g....?#.##
....#..##..###..@)g........#
....#.....#..##......#...).#
..#.......#.......).###.)).#
.##.....§.....##.†............
..#.....§§§§....................
... ..≈≈ §≈§≈...........###.##..
....≈≈≈ §§§§..........## .# >
...8..........# # ≈...........##


You could see a gnoll bouda and a gnoll (swift).

Vanquished Creatures
  An ogre (D:3)
  A gnoll bouda (D:4)
  10 gnolls
  An adder (D:2)
  2 dart slugs (D:3)
  5 orcs
  6 endoplasms
  6 giant cockroaches
  4 goblins (D:1)
  2 hobgoblins
  6 kobolds
  A quokka (D:2)
  6 ball pythons
  6 bats
  7 rats
64 creatures vanquished.

Notes
Turn   | Place    | Note
-------+----------+-------------------------------------------
     0 | D:1      | BlueFish the Octopode Fighter began the quest for the Orb.
     0 | D:1      | Reached XP level 1. HP: 16/16 MP: 1/1
    47 | D:1      | Reached skill level 1 in Stealth
    55 | D:1      | Reached XP level 2. HP: 21/21 MP: 2/2
   413 | D:1      | Reached skill level 2 in Stealth
   413 | D:1      | Reached XP level 3. HP: 22/26 MP: 3/3
   732 | D:2      | Identified the +5 spear of the Gnat {flame, rN+}
  1294 | D:3      | Reached XP level 4. HP: 30/31 MP: 4/4
  1297 | D:3      | Reached skill level 3 in Stealth
  1468 | D:3      | Reached skill level 1 in Polearms
  1514 | D:3      | Noticed an ogre
  1603 | D:3      | Found a transporter.
  1604 | D:3      | Noticed an ogre
  1604 | D:3      | Noticed Atlus's ghost (amateur GnBe)
  1605 | D:3      | Identified the +1 giant club of the Unseen Realm {heavy,
                  | Drain Str+5 Dex+4}
  1605 | D:3      | Noticed an ogre
  1605 | D:3      | Noticed an ogre
  1610 | D:3      | Found a transporter.
  2151 | D:3      | Killed an ogre
  2152 | D:3      | Reached skill level 1 in Throwing
  2152 | D:3      | Reached XP level 5. HP: 36/36 MP: 5/5
  2180 | D:3      | Found a glowing silver altar of Zin.
  2246 | D:4      | Reached skill level 4 in Stealth
  2408 | D:4      | Reached XP level 6. HP: 36/43 MP: 6/6
  2472 | D:4      | Slain by a gnoll

Illustrated notes

Levels and vault maps discovered:
D:1:      amcnicky_arrival_underground_garden, layout_basic,
          chequers_serial_rivers_micro_b
D:2:      layout_loops_cross
D:3:      layout_loops_ring, mainiacjoe_overflow_alcove_1, gammafunk_ghost_smash
D:4:      layout_cave_pools, mainiacjoe_overflow_catwalk, minmay_ogre_servants,
          uniq_grinder, uniq_pikel

Skill      XL: |  1  2  3  4  5 |
---------------+----------------+-----
Stealth        | 1 2 3 4 |  4.4
Polearms       | 1 |  1.8
Throwing       | 1 |  1.5
Fighting       | |  3.8
Short Blades   | |  2.3
Dodging        | |  3.7
Shields        | |  3.7

Action                     |  1- 3 |  4- 6 || total
---------------------------+-------+-------++-------
  Melee: Rapier            |    36 |       ||    36
         Tentacles         |     7 |     2 ||     9
         Constrict         |    11 |     7 ||    18
         Spear             |    25 |    50 ||    75
         Punch             |       |     1 ||     1
   Fire: Sling             |       |    18 ||    18
  Throw: Throwing net      |       |     1 ||     1
    Use: Scroll            |     1 |       ||     1
   Stab: Sleeping          |    19 |     2 ||    21
         Held in net/web   |       |     1 ||     1
 Armour: Skin              |     2 |     1 ||     3
  Dodge: Dodged            |    16 |    21 ||    37
  Block: Buckler           |     8 |     5 ||    13

Table legend: (Time is in decaauts)
 A = Elapsed time spent in this place.
 B = Non-inter-level travel time spent in this place.
 C = Inter-level travel time spent in this place.
 D = Time resting spent in this place.
 E = Time spent auto-exploring this place.
 F = Levels seen in this place.
 G = Mean time per level.
                   A        B        C        D        E       F      G
               +--------+--------+--------+--------+--------+-----+--------+
         Total |   2483 |   2397 |     86 |      6 |   1929 |   4 |  620.8 |
       Dungeon |   2483 |   2397 |     86 |      6 |   1929 |   4 |  620.8 |
               +--------+--------+--------+--------+--------+-----+--------+

Top non-repeatable levels by time:
     D:3: 978 daAuts
     D:1: 672 daAuts
     D:2: 574 daAuts
     D:4: 258 daAuts
